 Dungeon Crawl Stone Soup version 0.23-a0-650-ga4d50d4d25 (webtiles) character file.

18 Flugkiller the Slasher (level 2, -1/23 HPs)
             Began as a Vampire Chaos Knight on Jan 5, 2019.
             Was a Plaything of Xom.
             Killed from afar by a dart slug (3 damage)
             ... with a slug dart
             ... on level 1 of the Dungeon.
             The game lasted 00:00:33 (331 turns).

Flugkiller the Slasher (Vampire Chaos Knight)        Turns: 331, Time: 00:00:34

Health: -1/23      AC:  5    Str: 11    XL:     2   Next: 51%
Magic:  2/2        EV: 12    Int: 14    God:    Xom [..*...]
Gold:   17         SH:  0    Dex: 13    Spells: 1/1 levels left

rFire    . . .     SeeInvis +   a - +0 falchion (chaos)
rCold    . . .     Gourm    .   (no shield)
rNeg     + . .     Faith    .   b - +2 leather armour
rPois    .         Spirit   .   (no helmet)
rElec    .         Reflect  .   (no cloak)
rCorr    .         Harm     .   (no gloves)
MR       .....                  (no boots)
Stlth    +.........             (no amulet)
HPRegen  0.07/turn              (no ring)
MPRegen  0.08/turn              (no ring)

@: no status effects
A: fangs 3, see invisible, unbreathing
a: Renounce Religion


You were on level 1 of the Dungeon.
You worshipped Xom.
You were a toy of Xom.
You were not thirsty.

You visited 1 branch of the dungeon, and saw 1 of its levels.

You collected 17 gold pieces.

Inventory:

Hand Weapons
 a - a +0 falchion of chaos (weapon)
Armour
 b - a +2 leather armour (worn)
Potions
 c - 7 potions of blood
 d - 3 potions of curing {unknown}
 e - 2 potions of haste {unknown}
 f - 2 potions of flight {unknown}


   Skills:
 - Level 2.6 Fighting
 + Level 3.9 Long Blades
 - Level 0.7 Armour
 - Level 2.1 Dodging


You had one spell level left.
You didn't know any spells.
Your spell library was empty.

Dungeon Overview and Level Annotations

Branches:
Dungeon (1/15)

Altars:


Innate Abilities, Weirdness & Mutations

You have razor-sharp teeth.
You have supernaturally acute eyesight. (SInv)
You can survive without breathing.


Message History

You see here a stone.
The kobold throws a stone.
The stone hits you but does no damage.
You see here a stone.
A bat comes into view.
A dart slug comes into view.
Xom's attention almost turns to you for a moment.
The air around you crackles with energy!
A frilled lizard comes into view.
The bat hits you but does no damage. The bat misses you.
You riposte.
You hit the bat. You burn the bat.
You kill the bat!
You see here a stone.
You barely miss the kobold.
The kobold hits you with a cursed -3 dagger.
You hit the kobold. You freeze the kobold.
The kobold is severely wounded.
The kobold closely misses you. The frilled lizard bites you.
You closely miss the kobold.
The kobold is severely wounded.
The kobold hits you but does no damage. The frilled lizard closely misses you.
The kobold hits you but does no damage.
You hit the kobold but do no damage.
The kobold is severely wounded.
The frilled lizard hisses.
The frilled lizard misses you. The kobold barely misses you.
You hit the kobold.
You kill the kobold!
The frilled lizard bites you. The dart slug launches a dart at you.
The slug dart hits you!
You are too injured to fight recklessly!
You are too injured to fight recklessly!
You are too injured to fight recklessly!
Unknown command.
You closely miss the frilled lizard.
The frilled lizard bites you but does no damage.
A kobold comes into view.
The dart slug launches a dart at you. The slug dart hits you!
* * * LOW HITPOINT WARNING * * *
Unknown command.
You see here a stone.
Okay, then.
You hit the frilled lizard. You freeze the frilled lizard.
You kill the frilled lizard!
The dart slug launches a dart at you. The slug dart hits you!
* * * LOW HITPOINT WARNING * * *
The dart slug launches a dart at you. The slug dart hits you!
You die...

#######.รท...######.##
#...........#.%..#.
#.###....>.........
#.........#.#######
####.#.#....#
#(##.#.#..###
#....#.#..#
#.##.#.#..# #.
#.##.#@#..# .
#.##.#.#.. #. #.##.#.#
#. #....#.# ####.
####.#.# ..... #.#.#
##.. #.#.# #.#
#.#w#### # #
#######..K...# #


You could see a dart slug.

Vanquished Creatures
  7 bats (D:1)
  A giant cockroach (D:1)
  A goblin (D:1)
  A hobgoblin (D:1)
  4 kobolds (D:1)
  A frilled lizard (D:1)
  2 rats (D:1)
17 creatures vanquished.

Notes
Turn   | Place    | Note
-------+----------+-------------------------------------------
     0 | D:1      | Flugkiller the Vampire Chaos Knight began the quest for the
                  | Orb.
     0 | D:1      | Reached XP level 1. HP: 17/17 MP: 1/1
    58 | D:1      | XOM: divination: detect items
   166 | D:1      | Reached XP level 2. HP: 23/23 MP: 2/2
   279 | D:1      | XOM: harmless Tmut miscast
   284 | D:1      | XOM: divination: detect creatures
   310 | D:1      | XOM: harmless Chrm miscast
   331 | D:1      | Killed from afar by a dart slug

Vault maps used:
D:1:      dpeg_arrival_simpleton_a, minmay_misc_feat_four_crosses

Action                   || total
-------------------------++-------
Melee: Falchion          ||    28
       Bite              ||     7
Armor: Leather armour    ||    19
Dodge: Dodged            ||    21
       Rpst.: Falchion   ||     4

Table legend:
 A = Non-vault XP
 B = Vault XP
 C = Vault XP percentage of total XP
 D = Non-vault monster count
 E = Vault monster count
 F = Vault count percentage of total count
                 A         B        C        D         E       F
            +---------+---------+-------+---------+---------+-------
      Total |      27 |       0 |   0.0 |      17 |       0 |   0.0
            +---------+---------+-------+---------+---------+-------
        D:1 |      27 |       0 |   0.0 |      17 |       0 |   0.0
            +---------+---------+-------+---------+---------+-------
